 Dungeon Crawl Stone Soup version 0.28.0 (webtiles) character file.

Game seed: 12796509515643754872

3856 browni3141 the Cleaver (level 9, -6/82 HPs)
             Began as a Minotaur Berserker on Feb 17, 2022.
             Was an Elder of Trog.
             Mangled by Erica (8 damage)
             ... on level 8 of the Dungeon.
             The game lasted 00:04:38 (8080 turns).

browni3141 the Cleaver (Minotaur Berserker)         Turns: 8080, Time: 00:04:39

Health: -6/82      AC: 14    Str: 26    XL:     9   Next: 99%
Magic:  8/8        EV:  9    Int:  4    God:    Trog [****..]
Gold:   429        SH:  7    Dex: 10    Spells: 8/8 levels left

rFire   . . .      SeeInvis .   l - +0 war axe
rCold   . . .      Faith    .   w - +2 buckler
rNeg    . . .      Spirit   .   m - +0 chain mail
rPois   .          Reflect  .   (helmet restricted)
rElec   .          Harm     .   q - +0 cloak
rCorr   .          Rampage  .   e - +1 pair of gloves
Will    +++..                   (no boots)
Stlth   ..........              (no amulet)
HPRegen 1.23/turn               M - ring of willpower
MPRegen 0.11/turn               (no ring)

@: strong-willed, on berserk cooldown, regenerating, slowed, very slow
A: horns 2, retaliatory headbutt
a: Renounce Religion, Berserk, Trog's Hand, Brothers in Arms


You were on level 8 of the Dungeon.
You worshipped Trog.
Trog was greatly pleased with you.
You visited 1 branch of the dungeon, and saw 8 of its levels.
You also visited: Sewer.

You collected 429 gold pieces.


Innate Abilities, Weirdness & Mutations

You have a pair of horns on your head.
You reflexively headbutt those who attack you in melee.


   Skills:
 + Level 8.6 Fighting
 * Level 11.6 Axes
 + Level 8.2 Armour
 - Level 2.1 Dodging
 * Level 7.0 Shields


You had 8 spell levels left.
You didn't know any spells.
Your spell library was empty.

Inventory:

Hand Weapons
 a - a +0 hand axe
 l - a +0 war axe (weapon)
Armour
 b - a +0 animal skin
 e - a +1 pair of gloves (worn)
 m - a +0 chain mail (worn)
 q - a +0 cloak (worn)
 w - a +2 buckler (worn)
Jewellery
 r - an amulet of magic regeneration
 F - a ring of fire
 M - a ring of willpower (left hand)
Wands
 n - a wand of acid (10)
 t - a wand of polymorph (13)
Scrolls
 c - 6 scrolls of teleportation {unknown}
 d - 2 scrolls of immolation {unknown}
 g - a scroll of blinking {unknown}
 h - 2 scrolls of holy word {unknown}
 j - a scroll of magic mapping {unknown}
 k - 10 scrolls of identify {unknown}
 s - a scroll of noise {unknown}
 y - a scroll of fog {unknown}
 C - a scroll of enchant weapon {unknown}
 E - a scroll of summoning {unknown}
Potions
 f - 4 potions of lignification {unknown}
 i - 2 potions of might {unknown}
 o - 4 potions of curing {unknown}
 p - 2 potions of degeneration {unknown}
 u - a potion of mutation {unknown}
 v - 2 potions of flight {unknown}
 x - a potion of magic {unknown}
 z - a potion of cancellation {unknown}
 A - a potion of haste {unknown}
 B - a potion of resistance {unknown}
 G - a potion of heal wounds {unknown}

Dungeon Overview and Level Annotations

Branches:
Dungeon (8/15)             Temple (0/1) D:5           Sewer (visited)
   Lair: D:8-11

Altars:
Ashenzari
Dithmenos
Fedhas
Makhleb
Ru
Uskayaw

Shops:
D:1 =[([[   D:7 [

Portals:
Abyss: D:4

Annotations:
D:4 2 transporters, Minsecho's ghost, novice OgBe
D:8 Erica

#.......#
###.......##.##
.........##..
#.......##.#
#........#.#######
#..............>.#
#.......[........#
#....@{..........#
#................#
#................#
#)...............#
#............))..#
#
####+##......)...#
# ####...)...#
#.#####.# #.#
#.#####


There were no monsters in sight!


Message History

You feel strong-willed. Something hits you!
* * * LOW HITPOINT WARNING * * *
Something burns you.
* * * LOW HITPOINT WARNING * * *
Aiming: Iceblast
Press: ? - help, Shift-Dir - straight line The mass of ice explodes!
The iceblast engulfs something.
You hear a shout!
You hear some strange, mumbled words.
A lance of force appears from out of thin air!
The lance of force hits you!
* * * LOW HITPOINT WARNING * * *
You are knocked back by the lance of force.
Unknown command.
Aiming: Iceblast
Press: ? - help, Shift-Dir - straight line The mass of ice explodes!
The iceblast engulfs something.
Unknown command.
Aiming: Iceblast
Press: ? - help, Shift-Dir - straight line The mass of ice explodes!
The iceblast engulfs something!
Aiming: Iceblast
Press: ? - help, Shift-Dir - straight line The mass of ice explodes!
The iceblast engulfs something.
The now-empty wand crumbles to dust.
Something hits you!
* * * LOW HITPOINT WARNING * * *
Something burns you.
* * * LOW HITPOINT WARNING * * *
Something hits you!
You die...

Skill      XL: |  1  2  3  4  5  6  7  8  9 |
---------------+----------------------------+-----
Axes           | 4 5 6 7 9 10 11 | 11.6
Fighting       | 4 5 6 7 8 |  8.6
Armour         | 3 4 5 6 7 8 |  8.2
Shields        | 4 7 |  7.0
Dodging        | |  2.1

Action                   |  1- 3 |  4- 6 |  7- 9 || total
-------------------------+-------+-------+-------++-------
Melee: Hand axe          |    79 |    30 |       ||   109
       Headbutt          |     6 |    16 |    38 ||    60
       War axe           |       |   109 |   241 ||   350
       Punch             |       |       |     1 ||     1
Invok: Berserk           |       |     4 |     6 ||    10
       Trog's Hand       |       |       |     1 ||     1
Evoke: Wand              |       |       |     4 ||     4
Armor: Animal skin       |    19 |     6 |       ||    25
       Chain mail        |       |    64 |   153 ||   217
Dodge: Dodged            |    52 |    73 |    85 ||   210
Block: Buckler           |       |       |    75 ||    75

Levels and vault maps discovered:
D:1:      saegor_arrival_simple_c, layout_loops_ring, serial_shops,
          nicolae_square_shop, shop_statue, nicolae_diamond_shop,
          nicolae_lakefront_shop, shop_fountains
D:2:      layout_loops_ring, dilly_ecumenical_altar_fadedgnrine,
          chequers_serial_rivers_small_a, minmay_misc_feat_rows, minivault_24,
          uniq_natasha
D:3:      layout_loops_cross, cheibrodos_ashenzari_chains
D:4:      layout_basic, lemuel_crystal_altar, gammafunk_ghost_abyssal_escape,
          uniq_crazy_yiuf_cottage
D:5:      layout_loops_ring, temple_hall, corexii_hall_statues_t
D:6:      layout_rooms, general_overflow_altar, cheibrodos_sewer_entry_drain,
          minmay_lizard_king
D:7:      layout_rooms, nicolae_dithmenos_the_darkroom, jmf_multi_god_temple,
          serial_shops, shop, corner_web_ring, uniq_prince_ribbit1, uniq_pikel,
          uniq_maggie
D:8:      layout_basic, erik_lair_dragon, uniq_erica, uniq_harold

Notes
Turn   | Place    | Note
-------+----------+-------------------------------------------
     0 | D:1      | browni3141 the Minotaur Berserker began the quest for the
                  | Orb.
     0 | D:1      | Reached XP level 1. HP: 19/19 MP: 0/0
    18 | D:1      | Found Enodgh's Antique Armour Shoppe.
   210 | D:1      | Found Xuwal's Antique Armour Shoppe.
   286 | D:1      | Found Hymy's Jewellery Shop.
   299 | D:1      | Reached skill level 4 in Axes
   302 | D:1      | Reached XP level 2. HP: 7/27 MP: 1/1
   782 | D:1      | Found Lipog's Antique Armour Emporium.
   928 | D:1      | Found Odinlituh's Weapon Emporium.
  1114 | D:2      | Reached skill level 4 in Fighting
  1212 | D:2      | Reached ** piety under Trog
  1213 | D:2      | Reached skill level 3 in Armour
  1213 | D:2      | Reached XP level 3. HP: 30/33 MP: 2/2
  1365 | D:2      | Reached XP level 4. HP: 25/40 MP: 3/3
  1502 | D:2      | Reached skill level 5 in Axes
  1560 | D:2      | Noticed Natasha
  1563 | D:2      | Killed Natasha
  1646 | D:2      | Found a faded altar of an unknown god.
  2418 | D:3      | Reached XP level 5. HP: 20/47 MP: 4/4
  2649 | D:3      | Reached skill level 4 in Armour
  2740 | D:3      | Found a broken altar of Ashenzari.
  3027 | D:4      | Reached skill level 6 in Axes
  3139 | D:4      | Reached skill level 5 in Fighting
  3236 | D:4      | Found a transporter.
  3239 | D:4      | Noticed a black bear
  3245 | D:4      | Killed a black bear
  3246 | D:4      | Reached XP level 6. HP: 56/56 MP: 5/5
  3335 | D:4      | Reached *** piety under Trog
  3354 | D:4      | Found a transporter.
  3357 | D:4      | Noticed Minsecho's ghost (novice OgBe)
  3368 | D:4      | Found a one-way gate to the infinite horrors of the Abyss.
  3523 | D:4      | Found a blossoming altar of Fedhas.
  3741 | D:4      | Reached skill level 7 in Axes
  4039 | D:4      | Found a runed translucent door.
  4040 | D:4      | Noticed Crazy Yiuf
  4273 | D:4      | Killed Crazy Yiuf
  4428 | D:5      | Entered Level 5 of the Dungeon
  4471 | D:5      | Reached skill level 5 in Armour
  4471 | D:5      | Reached XP level 7. HP: 57/62 MP: 6/6
  4642 | D:5      | Reached skill level 6 in Fighting
  4745 | D:5      | Reached skill level 8 in Axes
  5120 | D:5      | Found a staircase to the Ecumenical Temple.
  5369 | D:5      | Reached skill level 9 in Axes
  5369 | D:5      | Reached skill level 6 in Armour
  5369 | D:5      | Reached XP level 8. HP: 42/71 MP: 7/7
  5615 | D:6      | Reached skill level 7 in Fighting
  5651 | D:6      | Reached skill level 1 in Shields
  5663 | D:6      | Reached skill level 2 in Shields
  5800 | D:6      | Found a glowing drain.
  5813 | Sewer    | Entered a sewer
  5831 | Sewer    | Noticed Pargi
  5848 | Sewer    | Killed Pargi
  5849 | Sewer    | Reached skill level 3 in Shields
  6102 | D:6      | Reached skill level 10 in Axes
  6109 | D:6      | Reached skill level 7 in Armour
  6356 | D:6      | Found a hide-covered altar of Uskayaw.
  6392 | D:7      | Found Muec Qent's Armour Emporium.
  6404 | D:7      | Reached skill level 4 in Shields
  6404 | D:7      | Reached XP level 9. HP: 76/79 MP: 8/8
  6440 | D:7      | Reached **** piety under Trog
  6471 | D:7      | Found a shadowy altar of Dithmenos.
  6666 | D:7      | Found a burning altar of Makhleb.
  6666 | D:7      | Found a sacrificial altar of Ru.
  6768 | D:7      | Reached skill level 5 in Shields
  6799 | D:7      | Noticed Maggie
  6811 | D:7      | Killed Maggie
  6812 | D:7      | Reached skill level 8 in Fighting
  6921 | D:7      | Noticed Pikel
  6934 | D:7      | Killed Pikel
  6935 | D:7      | Reached skill level 11 in Axes
  6935 | D:7      | Reached skill level 6 in Shields
  7025 | D:7      | Noticed Prince Ribbit
  7036 | D:7      | Killed Prince Ribbit
  7037 | D:7      | Reached skill level 8 in Armour
  7826 | D:8      | Reached skill level 7 in Shields
  8053 | D:8      | Noticed Erica
  8080 | D:8      | HP: 3/82 [something (12)]
  8080 | D:8      | Mangled by Erica

Vanquished Creatures
  Pikel (D:7)
  2 centaur zombies
  Maggie (D:7)
  Prince Ribbit (D:7)
  A water moccasin (D:7)
  Pargi (Sewer)
  2 sky beasts
  A black bear (D:4)
  2 necrophages (D:5)
  An ogre (D:6)
  A centaur (D:8)
  3 kobold brigands
  A bullfrog (D:6)
  3 scorpions
  4 wights (D:6)
  A howler monkey (D:5)
  A bullfrog zombie (D:7)
  7 hounds
  A gnoll shaman (D:7)
  4 orc priests
  Crazy Yiuf (D:4)
  4 jellies
  A centaur skeleton (D:7)
  3 orc wizards (D:8)
  Natasha (D:2)
  An iguana (D:6)
  A howler monkey zombie (D:6)
  17 gnolls
  5 adders
  A white imp (D:7)
  An ufetubus (D:6)
  An adder zombie (D:5)
  2 adder skeletons (D:4)
  4 worms
  2 dart slugs
  19 orcs
  5 endoplasms
  7 giant cockroaches
  4 goblins
  6 hobgoblins
  11 jackals
  A quokka (D:2)
  4 ball pythons
  3 bats
  8 frilled lizards
  A jackal skeleton (D:4)
  21 kobolds
  5 rats
179 creatures vanquished.

Vanquished Creatures (others)
  A gnoll (D:7)
  9 plants
10 creatures vanquished.

Grand Total: 189 creatures vanquished

Table legend: (Time is in decaauts)
 A = Elapsed time spent in this place.
 B = Non-inter-level travel time spent in this place.
 C = Inter-level travel time spent in this place.
 D = Time resting spent in this place.
 E = Time spent auto-exploring this place.
 F = Levels seen in this place.
 G = Mean time per level.
                   A        B        C        D        E       F      G
               +--------+--------+--------+--------+--------+-----+--------+
         Total |   8215 |   8035 |    180 |    950 |   5831 |   9 |  912.8 |
       Dungeon |   8071 |   7891 |    180 |    950 |   5734 |   8 | 1008.9 |
         Sewer |    143 |    143 |      0 |      0 |     96 |   1 |  143.0 |
               +--------+--------+--------+--------+--------+-----+--------+

Top non-repeatable levels by time:
     D:4: 1445 daAuts
     D:2: 1165 daAuts
     D:5: 1152 daAuts
     D:7: 1059 daAuts
     D:1: 1023 daAuts
     D:3: 858 daAuts
     D:6: 710 daAuts
     D:8: 655 daAuts
   Sewer: 143 daAuts

Table legend:
 A = Non-vault XP
 B = Vault XP
 C = Vault XP percentage of total XP
 D = Non-vault monster count
 E = Vault monster count
 F = Vault count percentage of total count
                 A         B        C        D         E       F
            +---------+---------+-------+---------+---------+-------
      Total |    3819 |    1690 |  30.7 |     160 |      20 |  11.1
            +---------+---------+-------+---------+---------+-------
        D:1 |      22 |       0 |   0.0 |      14 |       0 |   0.0
        D:2 |     119 |      35 |  22.7 |      24 |       1 |   4.0
        D:3 |     103 |       0 |   0.0 |      23 |       0 |   0.0
        D:4 |     391 |      40 |   9.3 |      22 |       1 |   4.3
        D:5 |    1054 |       0 |   0.0 |      12 |       0 |   0.0
        D:6 |     801 |      52 |   6.1 |      22 |      10 |  31.2
        D:7 |     865 |    1419 |  62.1 |      23 |       5 |  17.9
        D:8 |     464 |       0 |   0.0 |      20 |       0 |   0.0
      Sewer |       0 |     144 | 100.0 |       0 |       3 | 100.0
            +---------+---------+-------+---------+---------+-------
